Map: King's Cove LE

Players

Throwfordays - Winner!

  • Race: Terran Terran
  • League: Silver
  • Spawn Location: 11:00

Noncom

  • Race: Terran Terran
  • League: Bronze
  • Spawn Location: 5:00

VOD

Have the link to the VOD?

Description

Time

  • Played on: March 21, 2019, 4:55 p.m.
  • Length: 13:10
Show
View Real Time Build Order
Export as new Build Order

Throwfordays Terran - Winner!

Build Orders:  

Get SALT Encoding   

  12  0:00  SCV  
  13  0:12  SCV  
  14  0:20  Supply Depot  
  14  0:24  SCV  
  15  0:35  Refinery  
  15  0:42  SCV  
  16  0:54  SCV  
  17  1:01  Barracks  
  17  1:06  SCV  
  18  1:18  SCV  
  19  1:34  SCV  
  19  1:36  Command Center  
  20  1:47  SCV  
  21  1:56  Supply Depot  
  21  1:58  Barracks Tech Lab  
  21  2:03  SCV  
  22  2:15  SCV  
  23  2:16  Barracks  
  23  2:19  Supply Depot  
  23  2:20  Marine  
  24  2:34  Barracks  
  24  2:38  Marine  
  24  2:43  Refinery  
  25  2:44  Stimpack  
  25  2:45  SCV  
  26  2:52  SCV  
  26  2:56  Marine  
  28  3:04  SCV  
  29  3:14  Marine  
  29  3:16  SCV  
  29  3:18  Supply Depot  
  31  3:24  Barracks Reactor  
  31  3:25  Barracks Reactor  
  31  3:28  SCV  
  31  3:31  Marine  
  33  3:36  Barracks  
  33  3:38  SCV  
  33  3:41  SCV  
  35  3:48  Engineering Bay  
  35  3:50  SCV  
  35  3:53  SCV  
  37  3:59  Marine  
  38  4:05  SCV  
  39  4:10  Orbital Command  
  39  4:16  Engineering Bay  
  39  4:17  Terran Infantry Weapons Level 1  
  39  4:24  Combat Shield  
  39  4:26  Supply Depot  
  39  4:28  SCV  
  40  4:39  Barracks Reactor  
  40  4:40  SCV  
  40  4:52  SCV  
  36  4:55  Marine  
  36  4:56  Marine x4  
  40  5:04  SCV  
  41  5:13  Marine x3  
  41  5:14  Marine x2  
  44  5:16  SCV  
  47  5:28  SCV, Factory  
  47  5:31  Marine  
  47  5:32  Supply Depot  
  49  5:36  Supply Depot  
  49  5:38  Marine x4  
  49  5:40  SCV  
  49  5:41  Terran Infantry Armor Level 1  
  54  5:53  Marine x3  
  54  5:54  SCV  
  54  5:55  Marine  
  54  5:56  Marine x3  
  62  6:01  Supply Depot  
  62  6:06  SCV  
  62  6:09  Supply Depot  
  63  6:11  Marine x3  
  63  6:13  Marine x2  
  63  6:14  Marine x2  
  70  6:29  Marine x2  
  70  6:30  Supply Depot  
  67  7:06  Marine  
  67  7:07  Marine x6  
  74  7:14  SCV  
  75  7:18  SCV  
  76  7:24  Marine x2, Armory  
  76  7:28  Marine, SCV  
  78  7:31  Marine x4, SCV  
  67  7:40  SCV  
  67  7:42  Marine x2  
  67  7:43  SCV  
  70  7:45  Marine  
  70  7:49  Marine x4  
  70  7:51  Command Center  
  75  7:52  Supply Depot  
  75  7:58  Supply Depot  
  75  8:00  Marine x2  
  75  8:03  Marine, Supply Depot  
  78  8:08  Marine x4  
  78  8:10  Refinery  
  78  8:12  Refinery  
  82  8:14  Starport  
  82  8:19  SCV  
  83  8:26  Marine  
  84  8:31  SCV  
  84  8:32  Supply Depot  
  85  8:40  Supply Depot  
  85  8:42  Starport  
  85  8:44  SCV  
  86  8:51  SCV  
  87  8:56  Starport Reactor  
  87  8:57  SCV  
  87  9:02  Terran Infantry Armor Level 2, Terran Infantry Weapons Level 2, Missile Turret  
  88  9:03  SCV  
  88  9:09  SCV  
  90  9:11  Marine x6  
  90  9:12  Marine  
  97  9:18  Starport  
  97  9:21  Refinery x2, SCV  
  97  9:23  Planetary Fortress  
  98  9:29  Marine x2  
  98  9:30  Command Center  
  100  9:33  SCV  
  70  9:55  SCV  
  70  9:57  SCV  
  72  10:03  SCV  
  73  10:08  SCV  
  73  10:09  SCV  
  73  10:12  Starport Reactor x2  
  75  10:15  SCV  
  76  10:22  SCV  
  76  10:27  SCV  
  75  10:28  SCV  
  75  10:30  Marine  
  75  10:31  Marine x6  
  75  10:34  SCV  
  83  10:39  SCV  
  83  10:40  SCV  
  85  10:46  SCV  
  85  10:48  Marine x2  
  85  10:49  Marine x5  
  93  10:52  SCV x2  
  93  10:55  SCV  
  96  11:00  Supply Depot  
  95  11:04  SCV  
  95  11:06  Marine x4  
  95  11:07  Marine x3, SCV  
  95  11:08  Medivac x6  
  116  11:16  SCV  
  117  11:19  SCV x2  
  117  11:24  Marine x4  
  123  11:29  SCV  
  123  11:31  SCV x2  
  126  11:37  Medivac  
  126  11:38  Medivac x2  
  132  11:43  SCV  
  133  11:50  Medivac x3  
  139  11:55  SCV  
  140  12:02  Marine x2  
  140  12:03  Marine x5  
  140  12:07  SCV, Medivac  
  150  12:10  Supply Depot  
  150  12:13  Supply Depot  
  150  12:20  Marine x3  
  150  12:21  Marine x4  
  157  12:38  Marine x4  
  157  12:39  Marine x3  
Show
View Real Time Build Order
Export as new Build Order

Noncom Terran 

Build Orders:  

Get SALT Encoding   

  12  0:03  SCV  
  13  0:20  Supply Depot  
  13  0:24  SCV  
  14  0:36  SCV  
  15  0:47  Barracks  
  15  0:48  SCV  
  16  1:00  SCV  
  17  1:09  Refinery  
  17  1:11  Refinery  
  17  1:12  SCV  
  18  1:24  SCV  
  19  1:51  Orbital Command  
  19  1:57  Barracks Reactor  
  19  2:06  Supply Depot  
  19  2:39  Marine x2  
  19  2:40  Factory  
  21  2:50  SCV  
  22  2:57  Marine x2  
  24  3:02  SCV  
  25  3:14  SCV  
  25  3:15  Marine x2  
  25  3:16  Engineering Bay  
  28  3:26  SCV  
  29  3:27  Barracks, Factory Tech Lab  
  29  3:32  Marine  
  29  3:33  Marine  
  31  3:37  Starport  
  31  4:21  Supply Depot  
  31  4:42  Marine x2, SCV, Siege Tank  
  31  4:45  Supply Depot  
  31  5:08  Supply Depot  
  29  5:14  Siege Tank  
  32  5:22  Starport Reactor  
  32  5:26  Terran Infantry Weapons Level 1  
  32  5:31  Barracks Tech Lab  
  32  5:38  Marine  
  32  5:39  Marine  
  34  5:47  Siege Tank  
  34  5:49  Starport  
  37  5:56  Marine x2  
  39  6:05  Supply Depot  
  39  6:14  Marine x2  
  39  6:16  Medivac  
  39  6:17  Stimpack  
  43  6:19  Siege Tank  
  46  6:28  Starport Tech Lab  
  46  6:32  Marine x2  
  48  6:33  Viking  
  40  6:51  Hellion  
  35  7:08  Marine  
  35  7:12  Marine x2, Hellion  
  40  7:21  Terran Infantry Armor Level 1  
  40  7:26  Marine  
  40  7:29  Marine  
  41  7:30  Marine  
  41  7:34  Hellion  
  44  7:44  Marine  
  44  7:47  Marine x2  
  47  7:57  Combat Shield  
  47  8:02  Marine  
  47  8:05  Marine x2  
  48  8:08  Liberator  
  48  8:10  Viking  
  53  8:20  Marine  
  53  8:23  Marine x2  
  56  8:37  Marine  
  56  8:41  Marine x2  
  59  8:50  Viking  
  59  8:55  Marine, Command Center  
  62  9:15  Concussive Shells, Hi-Sec Auto Tracking  
  33  9:53  Marine x2  
  35  10:06  Fusion Core  
  35  10:11  Marine x2  
  37  10:29  Marine x2  
  37  10:38  Orbital Command  
  37  10:46  Medivac  
  37  10:47  Marine x2, Liberator  
  44  11:16  Viking  
  46  11:20  Sensor Tower  
  46  11:35  SCV  
  47  11:47  SCV  
  48  11:59  SCV  
  48  12:00  Refinery  
  49  12:01  Refinery, Command Center  
  49  12:04  Missile Turret  
  49  12:05  Missile Turret  
  49  12:12  SCV  
  50  12:22  SCV  
  51  12:26  Missile Turret x2  
  51  12:27  Missile Turret  
  51  12:28  Missile Turret  
  51  12:34  SCV  
  49  12:46  SCV  
  49  12:49  Missile Turret  
Tags
 
Matchup
TvT
Race
Terran
Replay Pack
Multiplayer
Spawn Locations
Cross Positions
Add a new tag
Caveats
  • Supply blocks, unpowered buildings, or Contaminate may cause inaccurate times.
  • Supply counts are checked every 10 seconds.